 Dungeon Crawl Stone Soup version 0.20.1-1-g8b1a95d (webtiles) character file.

66 Peloso the Shield-Bearer (level 3, 0/49 HPs)
             Began as a Minotaur Fighter on July 5, 2017.
             Succumbed to a gnoll's poison
             ... on level 3 of the Dungeon.
             The game lasted 00:04:01 (1225 turns).

Peloso the Shield-Bearer (Minotaur Fighter)         Turns: 1225, Time: 00:04:01

Health: 0/49       AC: 21    Str: 20    XL:     3   Next: 96%
Magic:  2/2        EV:  2    Int: 10    God:
Gold:   67         SH: 10    Dex: 15    Spells: 2/2 levels left

rFire    . . .     SeeInvis .   a - +0 long sword
rCold    . . .     Gourm    .   c - +0 shield
rNeg     + + +     Faith    .   (armour currently unavailable)
rPois    +         Spirit   +   (helmet currently unavailable)
rElec    .         Reflect  .   (cloak currently unavailable)
rCorr    .         Harm     .   (gloves currently unavailable)
MR       .....     NoTele   +   (boots currently unavailable)
Stlth    ++........             i - amulet of guardian spirit
Regen    0.2/turn               (no ring)
MPRegen  0.1/turn               (no ring)

@: brilliant, agile, lethally poisoned (0 -> -24), tree-form, hasted (expiring),
very quick
A: (retaliatory headbutt)
a: no special abilities


You were on level 3 of the Dungeon.
You were very hungry.
You were a tree.
You visited 1 branch of the dungeon, and saw 3 of its levels.

You collected 67 gold pieces.

Inventory:

Hand Weapons
 a - a +0 long sword (weapon)
 k - a +4 whip
Armour
 c - a +0 shield (worn)
 q - a +0 chain mail (melded)
 v - a cursed +0 cloak (melded)
Jewellery
 i - an amulet of guardian spirit (around neck)
Scrolls
 m - a scroll of magic mapping
 o - a scroll of identify
 t - a scroll of remove curse
Potions
 d - 2 potions of might
 j - a potion of lignification
 l - a potion of agility
Comestibles
 f - a bread ration
 g - 7 fruits
 n - 2 meat rations


   Skills:
 + Level 3.9 Fighting
 + Level 2.8 Long Blades
 + Level 4.2 Armour
 + Level 0.2 Dodging
 + Level 4.9 Shields


You had 2 spell levels left.
You didn't know any spells.

Dungeon Overview and Level Annotations

Branches:
Dungeon (3/15)

Altars:


Innate Abilities, Weirdness & Mutations

((You reflexively headbutt those who attack you in melee.))
((You have a pair of horns on your head.))


Message History

You cannot move.
* * * LOW HITPOINT WARNING * * *
You feel sick. The gnoll hits you but does no damage.
You are more poisoned.
You cannot move.
Your extra speed is starting to run out.
* * * LOW HITPOINT WARNING * * *
You feel sick.
You cannot move.
* * * LOW HITPOINT WARNING * * *
You feel sick. The gnoll hits you but does no damage.
You are more poisoned.
You cannot move.
* * * LOW HITPOINT WARNING * * *
You feel sick. The gnoll barely misses you.
You cannot move.
* * * LOW HITPOINT WARNING * * *
You feel sick.
You cannot move.
You die...

,,,,,* *,,,,,,* ,,,**** *,**,*,*
,,,,,,* *,,,,*,* *,,**>* *,,,<*,*
*,,**,****,,,**,*
*,,,,,,,,#,,***,*
,,*,*,,*,*..,,,,*
,,*,*,,*,##.***######********
,,,,,,,,,,..#* #♣)..#*,,,,,,*
,,,,,,,*,*##.#*#<##.#*,****,*****
*,,,,,,*,##...##g##,,,,,,,*,**,,,
*,,,,,,..#.....#..##**,**,*,**,**
,,,****##......)...#**,,,,,,,,,,,
*,,,* #(........#..#****,****,,,
*,,,* ##.......###..#* *,****,,,
*,,,* *##.....##**#..#**,**,,,,,
*,,,***#......#+*,**#...,,**,**,*


You could see a gnoll.

Vanquished Creatures
  2 gnolls (D:3)
  2 dart slugs (D:1)
  3 leopard geckos
  7 bats
  2 giant cockroaches
  5 goblins
  8 hobgoblins
  2 jackals (D:2)
  A ball python (D:1)
  2 frilled lizards (D:1)
  3 kobolds
  2 rats (D:1)
39 creatures vanquished.

Notes
Turn   | Place    | Note
-------+----------+-------------------------------------------
     0 | D:1      | Peloso the Minotaur Fighter began the quest for the Orb.
     0 | D:1      | Reached XP level 1. HP: 19/19 MP: 0/0
    71 | D:1      | Reached XP level 2. HP: 27/27 MP: 1/1
   466 | D:1      | Reached XP level 3. HP: 33/33 MP: 2/2
   688 | D:2      | Found a faded altar of an unknown god.
  1191 | D:3      | HP: 2/49 [poisoned by a gnoll]
  1224 | D:3      | HP: 2/49 [poisoned by a gnoll]
  1225 | D:3      | Succumbed to a gnoll's poison

Skill      XL: |  1  2  3 |
---------------+----------+-----
Shields        | 4 |  4.9
Armour         | 4 |  4.2
Fighting       | |  3.9
Long Blades    | |  2.8
Dodging        | |  0.2

Action                   || total
-------------------------++-------
Melee: Long sword        ||    88
       Headbutt          ||    12
  Use: Potion            ||     6
       Scroll            ||     4
Armor: Scale mail        ||    31
       Skin              ||    25
       Chain mail        ||    10
Dodge: Dodged            ||    29
Block: Shield            ||    66
       Rpst.: Long sword ||     6
